 Dungeon Crawl Stone Soup version 0.30.0-20-g3615ddf2f0 (webtiles) character file.

Game seed: 6771280745711438627

29 qw the Shield-Bearer (level 3, 0/23 HPs)
             Began as a Gargoyle Fighter on May 28, 2023.
             Slain by Sigmund
             ... wielding a +1 heavy scythe
              (8 damage)
             ... on level 2 of the Dungeon.
             The game lasted 00:00:35 (1232 turns).

qw the Shield-Bearer (Gargoyle Fighter)             Turns: 1232, Time: 00:00:36

Health: 0/23       AC: 11    Str: 21    XL:     3   Next: 16%
Magic:  3/3        EV:  9    Int:  8    God:
Gold:   162        SH:  4    Dex:  9    Spells: 2/2 levels left

rFire   . . .        Y - +0 war axe
rCold   . . .        c - +0 buckler
rNeg    + . .        b - +0 scale mail
rPois   inf          (no helmet)
rElec   +            (no cloak)
rCorr   +            (no gloves)
SInv    .            i - +0 pair of boots
Will    .....        (no amulet) Stlth
                     n - ring of resist corrosion
HPRegen 0.23/turn    (no ring)
MPRegen 0.08/turn

%: no passive effects
@: no status effects
A: sickness immunity, AC +3, negative energy resistance 1, electricity
resistance, torment resistance 1, petrification resistance
a: no special abilities


You were on level 2 of the Dungeon.
You visited 1 branch of the dungeon, and saw 2 of its levels.

You collected 162 gold pieces.


Innate Abilities, Weirdness & Mutations

You are immune to sickness and miasma.
Your stone body is resilient. (AC +3)
You are immune to poison.
You resist negative energy. (rN+)
You are resistant to electric shocks. (rElec)
You are resistant to unholy torment.
You are immune to petrification.


   Skills:
 - Level 3.2 Fighting
 + Level 3.2 Axes
 - Level 3.2 Armour
 - Level 3.2 Shields


You had 2 spell levels left.
You didn't know any spells.
Your spell library was empty.

Inventory:

Hand Weapons
 k - a +0 flail
 Y - a +0 war axe (weapon)
Armour
 a - a +0 chain mail of poison resistance
 b - a +0 scale mail (worn)
 c - a +0 buckler (worn)
 i - a +0 pair of boots (worn)
Jewellery
 n - a ring of resist corrosion (left hand)
Scrolls
 e - a scroll of enchant armour {unknown}
 g - a scroll of identify
Potions
 d - 4 potions of might
 j - a potion of flight {unknown}
 l - a potion of heal wounds {unknown}
 m - a potion of curing {unknown}

Dungeon Overview and Level Annotations

Branches:
Dungeon (2/15)

Altars:

Annotations:
D:2 Sigmund


Message History

Enter note:
Enter note:
Enter note:
Enter note:
Enter note:
Enter note:
Enter note:
Enter note:
Enter note:
Enter note:
Enter note: You hit Sigmund but do no damage.
Sigmund hits you with a +1 heavy scythe!
Ouch! That really hurt!
You barely miss Sigmund.
Sigmund is suddenly surrounded by pale green light.
You block Sigmund's attack.
You hit Sigmund.
Sigmund is lightly wounded.
You barely miss Sigmund.
Sigmund is lightly wounded.
You block Sigmund's attack.
You closely miss Sigmund.
Sigmund is lightly wounded.
You slash Sigmund!
Sigmund is heavily wounded.
Sigmund closely misses you.
You completely miss Sigmund.
Sigmund is heavily wounded.
Sigmund hits you but does no damage.
You barely miss Sigmund.
Sigmund is heavily wounded.
You slash Sigmund!
Sigmund is severely wounded.
Sigmund points at you and mumbles some strange words.
The magic dart hits you.
You barely miss Sigmund.
Sigmund is severely wounded.
Sigmund hits you with a +1 heavy scythe!
You die...

##.#.## ######.##### #.
###.### #..........#
..#####. #.....#
#.####.###.# ........
#.###.# #.# #.#
..###### #.# #.##
#.###.# .######
#.###..###.# #.....#
....... ...........#
####.[# .######
###....##..#
####..###.# # #....# .#
#@@.......# #
#.#.#.#........#..#####
# #........#####.....#
# #.#.#.#.. #.#.#.# #
##...##..# #...:..? #
#.# .# #.#.#.###
#...... ..#.. ..


You could see Sigmund.

Vanquished Creatures
  4 bats
  An endoplasm (D:1)
  2 giant cockroaches (D:1)
  4 hobgoblins
  4 kobolds
  A quokka (D:1)
  4 ball pythons (D:1)
  3 frilled lizards (D:1)
  3 rats
26 creatures vanquished.

Notes
Turn   | Place    | Note
-------+----------+-------------------------------------------
     0 | D:1      | qw the Gargoyle Fighter began the quest for the Orb.
     0 | D:1      | Reached XP level 1. HP: 14/14 MP: 1/1
     0 | D:1      | 0 ||| qw: Version: 0.2-a-101-gf8a7cd0
     0 | D:1      | 0 ||| qw: Game counter: 266
     0 | D:1      | 0 ||| qw: Always use a shield: true
     0 | D:1      | 0 ||| qw: God list: Okawaru
     0 | D:1      | 0 ||| qw: Allow faded altars: false
     0 | D:1      | 0 ||| qw: Do Orc after D:15 true
     0 | D:1      | 0 ||| qw: Do second Lair branch before Depths: true
     0 | D:1      | 0 ||| qw: Lair rune preference: random
     0 | D:1      | 0 ||| qw: Plans: Normal, Zot:1-4, Slime:5, God:TSO, Crypt,
                  | Tomb, Pan, Hells, Abyss, Win
     0 | D:1      | 0 ||| PLANNING D:1-11
   113 | D:1      | Reached XP level 2. HP: 15/19 MP: 2/2
   170 | D:1      | 170 ||| DROPPING +0 club.
   448 | D:1      | Reached skill level 3 in Axes
   657 | D:1      | 657 ||| UPGRADING to +0 pair of boots.
   662 | D:1      | 662 ||| UPGRADING to ring of resist corrosion.
   663 | D:1      | 663 ||| READING 3 scrolls labelled JAEPSO WAREX.
   664 | D:1      | 664 ||| READING 3 scrolls labelled DUOTIWKUNIO.
   665 | D:1      | 665 ||| READING scroll labelled RIEPOY YMUE.
   666 | D:1      | 666 ||| READING 2 scrolls of identify.
   666 | D:1      | 666 ||| IDENTIFYING red potion
   667 | D:1      | 667 ||| DROPPING 2 scrolls of vulnerability.
   668 | D:1      | 668 ||| DROPPING potion of berserk rage.
   704 | D:2      | Reached XP level 3. HP: 21/23 MP: 3/3
   711 | D:2      | 711 ||| Stepping ~*~*~tactically~*~*~ (hiding).
   714 | D:2      | 714 ||| Stepping ~*~*~tactically~*~*~ (hiding).
   969 | D:2      | Identified the +8 quarterstaff of Infinite Pain {drain,
                  | Dex+3}
  1220 | D:2      | Noticed Sigmund
  1232 | D:2      | Slain by Sigmund

Levels and vault maps discovered:
D:1:      onia_arrival_mini_spirals, layout_rooms
D:2:      layout_loops_ring, uniq_sigmund, uniq_jessica

Skill      XL: |  1  2 |
---------------+-------+-----
Axes           | 2 3 |  3.2
Fighting       | |  3.2
Armour         | |  3.2
Shields        | |  3.2

Action                     || total
---------------------------++-------
  Melee: War axe           ||    82
    Use: Scroll            ||     4
 Armour: Scale mail        ||    40
  Dodge: Dodged            ||    34
  Block: Buckler           ||     9

Table legend:
 A = Non-vault XP
 B = Vault XP
 C = Vault XP percentage of total XP
 D = Non-vault monster count
 E = Vault monster count
 F = Vault count percentage of total count
                 A         B        C        D         E       F
            +---------+---------+-------+---------+---------+-------
      Total |      42 |       0 |   0.0 |      26 |       0 |   0.0
            +---------+---------+-------+---------+---------+-------
        D:1 |      32 |       0 |   0.0 |      19 |       0 |   0.0
        D:2 |      10 |       0 |   0.0 |       7 |       0 |   0.0
            +---------+---------+-------+---------+---------+-------
